 Dungeon Crawl Stone Soup version 0.31-a0-236-g9a0961fb85 (webtiles) character file.

Game seed: 4051646232155249769

36 qw the Shooter (level 3, -6/21 HPs)
             Began as a Gargoyle Hexslinger on July 10, 2023.
             Mangled by an iguana (11 damage)
             ... on level 3 of the Dungeon.
             The game lasted 00:00:21 (887 turns).

qw the Shooter (Gargoyle Hexslinger)                 Turns: 887, Time: 00:00:21

Health: -6/21      AC:  5    Str: 11    XL:     3   Next: 37%
Magic:  4/4        EV: 12    Int: 13    God:
Gold:   68         SH:  0    Dex: 14    Spells: 3/4 levels left

rFire   . . .        Y - +1 sling
rCold   . . .        (no shield)
rNeg    + . .        c - +0 robe
rPois   inf          (no helmet)
rElec   +            (no cloak)
rCorr   .            (no gloves)
SInv    .            (no boots)
Will    .....        (no amulet)
Stlth   +            (no ring)
HPRegen 0.23/turn    (no ring)
MPRegen 0.09/turn

%: no passive effects
@: no status effects
A: sickness immunity, AC +3, negative energy resistance 1, electricity
resistance, torment resistance 1, petrification resistance
a: no special abilities


You were on level 3 of the Dungeon.
You visited 1 branch of the dungeon, and saw 3 of its levels.

You collected 68 gold pieces.


Innate Abilities, Weirdness & Mutations

You are immune to sickness and miasma.
Your stone body is resilient. (AC +3)
You are immune to poison.
You resist negative energy. (rN+)
You are resistant to electric shocks. (rElec)
You are resistant to unholy torment.
You are immune to petrification.


   Skills:
 - Level 2.1 Fighting
 + Level 3.2 Ranged Weapons
 - Level 1.5 Dodging
 - Level 1.0 Spellcasting
 - Level 2.6 Hexes


You had 3 spell levels left.
You knew the following spells:

 Your Spells              Type           Power      Damage    Failure   Level
a - Slow                  Hex            28%        N/A       10%         1

Your spell library contained the following spells:

 Spells                   Type           Power      Damage    Failure   Level
 Inner Flame              Hex/Fire       4%         N/A       43%         3
 Portal Projectile        Hex/Tloc       8%         N/A       43%         3
 Cause Fear               Hex            3%         N/A       67%         4

Inventory:

Hand Weapons
 Y - a +1 sling (weapon)
Armour
 c - a +0 robe (worn)
Scrolls
 a - a scroll of identify
 b - a scroll of blinking {unknown}
Potions
 g - a potion of curing

Dungeon Overview and Level Annotations

Branches:
Dungeon (2/15)

Altars:


Message History

You shoot a sling bullet. The sling bullet hits the iguana.
The iguana is lightly wounded.
The iguana bites you. The iguana barely misses you.
You shoot a sling bullet.
The sling bullet hits the iguana but does no damage.
The iguana is lightly wounded.
The iguana barely misses you.
You shoot a sling bullet.
The sling bullet hits the iguana but does no damage.
The iguana is lightly wounded.
The iguana completely misses you.
You shoot a sling bullet.
The sling bullet barely misses the iguana.
The iguana completely misses you.
You shoot a sling bullet.
The sling bullet barely misses the iguana.
The iguana misses you. The iguana bites you.
You shoot a sling bullet.
The sling bullet closely misses the iguana.
The iguana bites you!
You shoot a sling bullet.
The sling bullet closely misses the iguana.
The iguana bites you but does no damage.
You shoot a sling bullet.
The sling bullet hits the iguana but does no damage.
The iguana is lightly wounded.
The iguana bites you.
You shoot a sling bullet.
The sling bullet hits the iguana but does no damage.
The iguana is lightly wounded.
The iguana bites you. The iguana barely misses you.
You shoot a sling bullet.
The sling bullet closely misses the iguana.
The iguana closely misses you.
You shoot a sling bullet.
The sling bullet hits the iguana but does no damage.
The iguana is lightly wounded.
The iguana bites you!
Ouch! That really hurt!
You die...

##.....##
#####..#+#.....
#.#...## #.#..
#.....# ....
#....## ...
###..# .. #..#
#.## #@#
#.l......
#.#......
#.####### #..
... #.. ##..


You could see an iguana.

Vanquished Creatures
  A gnoll (D:1)
  A dart slug (D:1)
  2 ball pythons
  A bat (D:1)
  An endoplasm (D:1)
  A giant cockroach (D:3)
  A goblin (D:1)
  2 hobgoblins
  3 quokkas
  A frilled lizard (D:1)
  5 kobolds (D:1)
  2 rats (D:1)
21 creatures vanquished.

Notes
Turn   | Place    | Note
-------+----------+-------------------------------------------
     0 | D:1      | qw the Gargoyle Hexslinger began the quest for the Orb.
     0 | D:1      | Reached XP level 1. HP: 12/12 MP: 2/2
     0 | D:1      | 0 ||| qw: Version: 0.3-a-52-g30416fa
     0 | D:1      | 0 ||| qw: Game counter: 4788
     0 | D:1      | 0 ||| qw: Melee chars always use a shield: true
     0 | D:1      | 0 ||| qw: God list: Okawaru
     0 | D:1      | 0 ||| qw: Allow faded altars: false
     0 | D:1      | 0 ||| qw: Do Orc after clearing Dungeon:15 true
     0 | D:1      | 0 ||| qw: Do second Lair branch before Depths: true
     0 | D:1      | 0 ||| qw: Lair rune preference: random
     0 | D:1      | 0 ||| qw: Goals: Normal
     0 | D:1      | 0 ||| PLANNING D:1-11
   121 | D:1      | Reached XP level 2. HP: 16/16 MP: 3/3
   165 | D:1      | 165 ||| Stepping ~*~*~tactically~*~*~ (outnumbered).
   351 | D:1      | Reached skill level 3 in Ranged Weapons
   416 | D:1      | Reached XP level 3. HP: 12/21 MP: 4/4
   786 | D:1      | 786 ||| READING 3 scrolls labelled DIFOSS UMAMMA.
   787 | D:1      | 787 ||| READING 2 scrolls labelled HEUSUM MUSMUUDIUM.
   788 | D:1      | 788 ||| READING scroll labelled CUMOSA MAMMO.
   792 | D:1      | 792 ||| READING 2 scrolls of identify.
   792 | D:1      | 792 ||| IDENTIFYING fuming sapphire potion
   793 | D:1      | 793 ||| DROPPING scroll of poison.
   794 | D:1      | 794 ||| DROPPING scroll of noise.
   842 | D:2      | You fall into a shaft and drop 1 floor!
   868 | D:3      | Noticed a kobold brigand
   885 | D:3      | HP: 5/21 [iguana (3)]
   887 | D:3      | Mangled by an iguana

Levels and vault maps discovered:
D:1:      minmay_arrival_plants_in_alcoves, layout_loops_ring,
          grunt_decor_one_mirror
D:2:      layout_basic, basic_altar, minmay_misc_feat_tiny,
          kennysheep_another_room
D:3:      layout_rooms, mainiacjoe_overflow_alcove_2, minmay_divided_ellipse

Skill      XL: |  1  2 |
---------------+-------+-----
Ranged Weapons | 3 |  3.2
Fighting       | 2 |  2.1
Dodging        | |  1.5
Spellcasting   | |  1.0
Hexes          | |  2.6

Action                     || total
---------------------------++-------
   Fire: Sling             ||    83
    Use: Scroll            ||     4
 Armour: Robe              ||    15
  Dodge: Dodged            ||    30

Table legend:
 A = Non-vault XP
 B = Vault XP
 C = Vault XP percentage of total XP
 D = Non-vault monster count
 E = Vault monster count
 F = Vault count percentage of total count
                 A         B        C        D         E       F
            +---------+---------+-------+---------+---------+-------
      Total |      46 |       6 |  11.5 |      18 |       3 |  14.3
            +---------+---------+-------+---------+---------+-------
        D:1 |      42 |       0 |   0.0 |      16 |       0 |   0.0
        D:2 |       2 |       0 |   0.0 |       1 |       0 |   0.0
        D:3 |       2 |       6 |  75.0 |       1 |       3 |  75.0
            +---------+---------+-------+---------+---------+-------
